 Dungeon Crawl Stone Soup version 0.20.1-1-g8b1a95d (webtiles) character file.

526 polve the Changer (level 7, 0/52 HPs)
             Began as a Grey Draconian Transmuter on Aug 5, 2017.
             Succumbed to a worker ant's poison
             ... on level 4 of the Dungeon.
             The game lasted 00:07:25 (6290 turns).

polve the Changer (Grey Draconian Transmuter)       Turns: 6290, Time: 00:07:26

Health: 0/52       AC: 13    Str: 12    XL:     7   Next: 2%
Magic:  0/9        EV: 12    Int: 15    God:
Gold:   321        SH:  0    Dex: 12    Spells: 9/10 levels left

rFire    + . .     SeeInvis .     - Unarmed
rCold    . . .     Gourm    .   (no shield)
rNeg     . . .     Faith    .   (armour unavailable)
rPois    .         Spirit   +   (helmet restricted)
rElec    .         Reflect  .   h - +1 cloak
rCorr    .         Harm     .   (no gloves)
MR       .....                  (boots currently unavailable)
Stlth    +.........             v - amulet of guardian spirit
Regen    0.2/turn               e - ring of protection from fire
MPRegen  0.2/turn               w - ring of flight

@: lethally poisoned (0 -> -1), appendage, berserk cooldown, slowed, very slow
A: walk through water, unfitting armour, talons 3, low mp 1, mutation resistance
1, unbreathing, cold-blooded, AC +11
a: End Transformation, Evoke Flight


You were on level 4 of the Dungeon.
You were not hungry.
You had grown temporary talons.
You visited 1 branch of the dungeon, and saw 4 of its levels.

You collected 321 gold pieces.

Inventory:

Missiles
 a - 53 arrows (quivered)
Armour
 h - a +1 cloak (worn)
 t - a +0 pair of boots
Jewellery
 e - a ring of protection from fire (left hand)
 u - an uncursed amulet of rage
 v - an amulet of guardian spirit (around neck)
 w - a ring of flight (right hand)
Wands
 s - a wand of flame (41/48)
Scrolls
 d - a scroll of blinking {unknown}
 f - a scroll of magic mapping {unknown}
 g - 6 scrolls of identify {unknown}
 j - a scroll of noise {unknown}
 k - 2 scrolls of fear {unknown}
 m - a scroll of fog {unknown}
 n - 2 scrolls of remove curse {unknown}
 o - a scroll of random uselessness {unknown}
 p - 3 scrolls of teleportation {unknown}
 r - a scroll of amnesia {unknown}
Books
 b - a book of Changes

   Spells                             Type                      Level
   a - Beastly Appendage              Transmutation                1
   b - Sticks to Snakes               Transmutation                2
   c - Spider Form                    Transmutation/Poison         3
   d - Ice Form                       Ice/Transmutation            4
   e - Blade Hands                    Transmutation                5
Comestibles
 c - 3 bread rations
 i - 3 royal jellies


   Skills:
 - Level 1.1 Fighting
 - Level 1.7 Dodging
 - Level 3.0 Unarmed Combat
 - Level 2.0 Spellcasting
 + Level 7.7 Transmutations


You had 9 spell levels left.
You knew the following spells:

 Your Spells              Type           Power        Failure   Level  Hunger
a - Beastly Appendage     Tmut           ###...       1%          1    #......


Dungeon Overview and Level Annotations

Branches:
Dungeon (4/15)
 Temple: D:4-7

Altars:


Innate Abilities, Weirdness & Mutations

You can walk through water.
Your dull iron-grey scales are very hard. (AC +11)
You cannot fit into any form of body armour.
You can survive without breathing.
You are cold-blooded and may be slowed by cold attacks.
You have claws for feet.
Your magical capacity is low. (-10% MP)
You are somewhat resistant to further mutation.


Message History

Casting: Beastly Appendage
Confirm with . or Enter, or press ? or * to list all spells.
Your feet morph into talons.
You feel sick.
The phantom hits you but does no damage.
You hit the phantom but do no damage. Your kick misses the phantom.
The phantom misses you. The phantom closely misses you.
You hit the phantom. Your kick misses the phantom.
The phantom is lightly damaged.
The phantom hits you but does no damage.
You hit the phantom. Your kick misses the phantom.
Your tail-slap misses the phantom.
The phantom is lightly damaged.
You feel sick. The phantom hits you!
* * * LOW HITPOINT WARNING * * *
You miss the phantom.
The phantom is lightly damaged.
The phantom hits you.
* * * LOW HITPOINT WARNING * * *
The phantom blinks!
You die...

######
###############....#
##.ยง@)%..........##..
##..#################.
##..## #. ##..## #.
#.W## #. #.## #. #..#
#. ##.## #. #o.# #.


You could see a phantom.

Vanquished Creatures
  An ice beast (D:3)
  A hound (D:4)
  Crazy Yiuf (D:2)
  A centaur skeleton (D:4)
  Natasha (thrice) (D:2)
  An orc wizard (D:3)
  3 worker ants (D:4)
  A howler monkey skeleton (D:4)
  6 adders
  2 worms (D:2)
  5 dart slugs
  3 leopard geckos
  11 orcs
  8 bats
  3 giant cockroaches
  12 hobgoblins
  5 kobolds
  2 quokkas
  A ball python (D:3)
  7 frilled lizards
  11 goblins
  7 rats
95 creatures vanquished.

Notes
Turn   | Place    | Note
-------+----------+-------------------------------------------
     0 | D:1      | polve the Draconian Transmuter began the quest for the Orb.
     0 | D:1      | Reached XP level 1. HP: 16/16 MP: 3/3
   217 | D:1      | Reached XP level 2. HP: 21/23 MP: 5/5
   299 | D:1      | Reached skill level 3 in Transmutations
   668 | D:1      | Reached XP level 3. HP: 28/28 MP: 6/6
  1287 | D:2      | Found a runed door.
  1733 | D:2      | Reached skill level 4 in Transmutations
  2018 | D:2      | Noticed Natasha
  2032 | D:2      | Killed Natasha
  2032 | D:2      | Reached XP level 4. HP: 20/35 MP: 7/7
  2291 | D:2      | Noticed Natasha
  2310 | D:2      | Killed Natasha
  2310 | D:2      | Reached skill level 5 in Transmutations
  2428 | D:2      | Noticed Natasha
  2768 | D:2      | Killed Natasha
  2768 | D:2      | Reached XP level 5. HP: 17/40 MP: 8/8
  3141 | D:2      | Noticed Crazy Yiuf
  3158 | D:2      | Gained mutation: You are frail. (-10% HP) [potion of mutation]
  3158 | D:2      | Gained mutation: You are somewhat resistant to further mutation. [potion of mutation]
  3161 | D:2      | HP: 1/36 [Crazy Yiuf/quarterstaff of chaos (11)]
  3162 | D:2      | Killed Crazy Yiuf
  3170 | D:2      | Lost mutation: You are frail. (-10% HP) [potion of mutation]
  3170 | D:2      | Gained mutation: Your magical capacity is low. (-10% MP) [potion of mutation]
  3941 | D:3      | Reached skill level 6 in Transmutations
  4165 | D:3      | HP: 1/40 [orc priest/divine providence (11)]
  4619 | D:3      | Noticed an ice beast
  4648 | D:3      | Killed an ice beast
  4648 | D:3      | Reached XP level 6. HP: 10/47 MP: 8/8
  5509 | D:4      | Reached skill level 7 in Transmutations
  6269 | D:4      | Your scales start taking on a dull iron-grey colour.
  6269 | D:4      | Reached XP level 7. HP: 28/52 MP: 7/9
  6269 | D:4      | Gained mutation: You can survive without breathing. [Grey Draconian growth]
  6287 | D:4      | HP: 1/52 [phantom (5)]
  6290 | D:4      | Succumbed to a worker ant's poison

Skill      XL: |  1  2  3  4  5  6 |
---------------+-------------------+-----
Transmutations | 3 4 5 6 7 |  7.7
Fighting       | |  1.1
Dodging        | |  1.7
Unarmed Combat | |  3.0
Spellcasting   | |  2.0

Action                   |  1- 3 |  4- 6 |  7- 9 || total
-------------------------+-------+-------+-------++-------
Melee: Unarmed           |   155 |   379 |     8 ||   542
       Tailslap          |    18 |    32 |       ||    50
       Headbutt          |     4 |    19 |       ||    23
       Punch             |     2 |     3 |       ||     5
       Kick              |       |    26 |       ||    26
 Cast: Beastly Appendage |     3 |    35 |     1 ||    39
  Use: Potion            |       |     8 |       ||     8
 Stab: Sleeping          |     1 |       |       ||     1
  Eat: Chunk             |     4 |    14 |       ||    18
Armor: Skin              |    29 |   121 |     3 ||   153
Dodge: Dodged            |    70 |   210 |     3 ||   283
